 Dungeon Crawl Stone Soup version 0.20.1-1-g8b1a95d (webtiles) character file.

240 spaced the Poker (level 5, -7/38 HPs)
             Began as a Mummy Wanderer on July 13, 2017.
             Killed from afar by an orc wizard (21 damage)
             ... with a puff of flame
             ... on level 4 of the Dungeon.
             The game lasted 00:06:38 (4408 turns).

spaced the Poker (Mummy Wanderer)                   Turns: 4408, Time: 00:06:39

Health: -7/38      AC:  8    Str: 17    XL:     5   Next: 79%
Magic:  7/7        EV: 11    Int: 11    God:
Gold:   248        SH:  0    Dex: 11    Spells: 6/6 levels left

rFire    x . .     SeeInvis .   c - +0 spear
rCold    + + .     Gourm    .   (no shield)
rNeg     + + +     Faith    .   a - +2 leather armour
rPois    ∞         Spirit   .   t - +1 helmet
rElec    .         Reflect  .   (no cloak)
rCorr    .         Harm     .   (no gloves)
MR       .....                  (no boots)
Stlth    +.........             (no amulet)
Regen    0.2/turn               f - +1 ring of protection
MPRegen  0.1/turn               u - ring of protection from cold

@: confused
A: no food or potions, fire vulnerability, cold resistance 1, negative energy
resistance 3, torment resistance, unbreathing
a: no special abilities


You were on level 4 of the Dungeon.
You were not hungry.

You visited 1 branch of the dungeon, and saw 4 of its levels.

You collected 248 gold pieces.

Inventory:

Hand Weapons
 c - a +0 spear (weapon)
 d - a +0 dagger
 e - a +0 hunting sling
 n - a +0 whip
 v - a +0 blowgun
 w - a +3 dagger of holy wrath
Missiles
 j - 153 stones (quivered)
 x - 14 poisoned needles
Armour
 a - a +2 leather armour (worn)
 m - a +0 plate armour
 t - a +1 helmet (worn)
Jewellery
 f - a +1 ring of protection (left hand)
 r - a cursed ring of teleportation
 u - a ring of protection from cold (right hand)
Wands
 o - a wand of acid (9/15)
Scrolls
 b - 3 scrolls of teleportation
 g - a scroll of amnesia
 h - 2 scrolls of immolation
 k - a scroll of identify
 l - a scroll of recharging
 q - 2 scrolls of remove curse
 s - 2 scrolls of fog


   Skills:
 + Level 2.1 Fighting
 * Level 4.6 Polearms
 - Level 1.5 Dodging
 - Level 2.4 Stealth
 - Level 1.3 Spellcasting
   Level 1.0 Ice Magic
   Level 1.0 Poison Magic


You had 6 spell levels left.
You didn't know any spells.

Dungeon Overview and Level Annotations

Branches:
Dungeon (4/15)
 Temple: D:4-7

Altars:

Shops:
D:4 }


Innate Abilities, Weirdness & Mutations

You do not eat or drink.
Your flesh is vulnerable to fire.
You are immune to poison.
Your flesh is cold resistant. (rC+)
You are immune to negative energy. (rN+++)
You are immune to unholy pain and torment.
You can survive without breathing.


Message History

Something tries to affect you, but you resist.
You barely miss something.
You hear some strange, mumbled words.
You are confused.
You miss something.
You hear some strange, mumbled words.
A magic dart appears from out of thin air!
The magic dart hits you!
A gnoll comes into view. It is wielding a flail.
A magic dart appears from out of thin air!
The magic dart hits you! Something hits you.
You barely miss something.
The gnoll shouts!
You closely miss something.
You hear some strange, mumbled words.
A puff of flame appears from out of thin air!
The puff of flame hits you! The fire burns you terribly!
Ouch! That really hurt!
You die...

........#.....###................
..............# #................
#########.....###................
#.......##...............
#.!...#!....g.#....###.##
#.....####)........###.#
#.....###).##.......#..##
#..[.....{...............
.........@.##....>......##
.#####....#...........∩.#
#...........##......#
#............#...###.#
...................[..#
#.............##..#####
#.#..........###...##
........#...## ##...### ##....##


You could see a gnoll.

Vanquished Creatures
  A hound (D:4)
  Robin (D:3)
  9 adders
  A gnoll (D:2)
  5 worms (D:3)
  A dart slug (D:1)
  4 leopard geckos
  2 orcs (D:4)
  10 bats
  4 giant cockroaches
  15 goblins
  7 hobgoblins
  7 jackals
  8 kobolds
  2 quokkas (D:2)
  A ball python (D:2)
  6 frilled lizards
  10 rats
94 creatures vanquished.

Notes
Turn   | Place    | Note
-------+----------+-------------------------------------------
     0 | D:1      | spaced the Mummy Wanderer began the quest for the Orb.
     0 | D:1      | spaced set off with: a +2 leather armour, a scroll of teleportation, a +0 spear, a +0 dagger
     0 | D:1      | Reached XP level 1. HP: 16/16 MP: 2/2
   160 | D:1      | Reached skill level 1 in Polearms
   284 | D:1      | Reached XP level 2. HP: 22/22 MP: 4/4
   542 | D:1      | Reached skill level 2 in Polearms
   595 | D:1      | Reached XP level 3. HP: 25/27 MP: 5/5
  1206 | D:2      | Reached skill level 3 in Polearms
  1259 | D:2      | Reached XP level 4. HP: 33/33 MP: 6/6
  1411 | D:2      | Noticed Robin
  1431 | D:3      | Killed Robin
  2575 | D:3      | Reached XP level 5. HP: 38/38 MP: 7/7
  3068 | D:3      | Reached skill level 4 in Polearms
  4272 | D:4      | Found Ceaclip's Gadget Emporium.
  4408 | D:4      | Killed from afar by an orc wizard

Skill      XL: |  1  2  3  4  5 |
---------------+----------------+-----
Polearms       | 1 2 3 4 |  4.6
Fighting       | |  2.1
Dodging        | |  1.5
Stealth        | |  2.4
Spellcasting   | |  1.3
Ice Magic      | |  1.0
Poison Magic   | |  1.0

Action                   |  1- 3 |  4- 6 || total
-------------------------+-------+-------++-------
Melee: Spear             |   134 |   348 ||   482
Evoke: Wand              |       |     1 ||     1
  Use: Scroll            |       |    10 ||    10
 Stab: Sleeping          |     3 |     6 ||     9
       Distracted        |       |     1 ||     1
Armor: Leather armour    |    38 |    95 ||   133
       Plate armour      |     9 |     2 ||    11
Dodge: Dodged            |    80 |   136 ||   216
